[Event "*** SCC Grand Prix: Titled Tuesday Blitz"]
[Site "Chess.com"]
[Date "2020.10.13"]
[Round "3"]
[White "OhanyanEminChess"]
[Black "realmadridtv"]
[Result "1-0"]
[WhiteElo "2608"]
[BlackElo "2407"]
[TimeControl "180+1"]
[EndTime "10:29:50 PDT"]
[Termination "OhanyanEminChess won by checkmate"]

1. e4 e5 2. Nc3 Nf6 3. Bc4 Bc5 4. d3 c6 5. f4 d5 6. exd5 cxd5 7. Bb5+ Nc6 8.
fxe5 Ng4 9. d4 Bb6 10. Nf3 O-O 11. O-O Ngxe5 12. Nxe5 Nxe5 13. Kh1 Ng4 14. h3 Qh4 15. Nxd5 Nf2+ 16. Rxf2 Qxf2 17. Be3 Qh4 18. Nxb6 Bxh3 19. Qe1 Bxg2+ 20. Kxg2 Qe4+ 21. Kh2 Qxc2+ 22. Qe2 Qxe2+ 23. Bxe2 axb6 24. Kg3 Rae8 25. Kf2 f5 26. Bf4 h6 27. Be5 Kh7 28. Rc1 Rf7 29. Bb5 Rd8 30. a4 g5 31.
b4 h5 32. Bc4 Rfd7 33. Be6 Rxd4 34. Bxf5+ Kh6 35. Rc7 g4 36. Ke3 Rxb4 37. Bf4+ Rxf4 38. Kxf4 Rd4+ 39. Be4 Rxe4+ 40. Kxe4 Kg5 41. Rxb7 h4 42.
Rxb6 h3 43. Rb1 Kh4 44. Kf4 h2 45. Rb8 Kh3 46. Rh8+ Kg2 47. Kxg4 h1=Q 48. Rxh1 Kxh1 49. a5 Kg2 50. a6 Kf2 51. a7 Ke3 52. a8=Q Kd4 53.
Qf3 Ke5 54. Qd3 Ke6 55. Qd4 Kf7 56. Kf5 Kg8 57. Qd7 Kf8 58. Kg6 Kg8 59. Qg7# 1-0

[Event "*** SCC Grand Prix: Titled Tuesday Blitz"]
[Site "Chess.com"]
[Date "2020.10.13"]
[Round "3"]
[White "parnali1611"]
[Black "VinzentSpitzl"]
[Result "0-1"]
[WhiteElo "2149"]
[BlackElo "2323"]
[TimeControl "180+1"]
[EndTime "10:29:50 PDT"]
[Termination "VinzentSpitzl won by resignation"]

1. d4 b6 2. e4 Bb7 3. Nc3 e6 4. Nf3 Bb4 5. Bd3 Nf6 6. Bg5 h6 7. Bxf6 Qxf6 8. Qd2 c5 9. a3 Bxc3 10. bxc3 Nc6 11. e5 Qe7 12. O-O O-O 13. Qf4 d6 14.
exd6 Qf6 15. Qe4 g6 16. dxc5 Na5 17. Qd4 Qxd4 18. cxd4 bxc5 19. dxc5 Bxf3 20. gxf3 Rac8 21. Be4 Rxc5 22. Rfd1 Rd8 23. Rab1 Nc4 24. d7 Nb6 25. Rd6 Rc7 26. Bc6 Nc4 27. Rb8 Rxb8 28. d8=Q+ Rxd8 29. Rxd8+ Kg7 30. Be4 Nxa3 31. Ra8 Nxc2 32. Bxc2 Rxc2 33.
Rxa7 Rc5 34. Kg2 Kf6 35. Rb7 h5 36. Ra7 Rf5 37. Rb7 Kg5 38. h3 h4 39. Ra7 e5 40.
Rb7 Rf4 41. Rb5 f6 42. Rc5 Rb4 43. Ra5 Rc4 44. Rb5 Ra4 45. Rc5 Kf4 46. Rb5 f5 47.
Rb6 Ra3 48. Rxg6 Rxf3 49. Rh6 Kg5 50. Rxh4 Kxh4 51. Kxf3 Kxh3 52. Ke3 Kg2 53. Ke2 e4 54. Ke1 f4 55. Ke2 f3+ 56. Ke1 e3 57. fxe3 f2+ 58.
Ke2 f1=Q+ 0-1

[Event "*** SCC Grand Prix: Titled Tuesday Blitz"]
[Site "Chess.com"]
[Date "2020.10.13"]
[Round "3"]
[White "mamonika"]
[Black "katchesskat"]
[Result "1-0"]
[WhiteElo "1988"]
[BlackElo "2249"]
[TimeControl "180+1"]
[EndTime "10:29:50 PDT"]
[Termination "mamonika won on time"]

1. e4 c5 2. Nf3 e6 3. d4 cxd4 4. Nxd4 a6 5. Nc3 Qc7 6. Qf3 b5 7. Bf4 d6 8. O-O-O Bb7 9. Bxb5+ Nd7 10. Bxd7+ Qxd7 11. Nb3 Qc7 12. Qg3 e5 13. Be3 Rc8 14. Rd2 Nf6 15. f3 h5 16. Rhd1 h4 17. Qf2 Be7 18.
Bg5 h3 19. Bxf6 gxf6 20. g4 a5 21. Nb5 Qc4 22. Nxd6+ Bxd6 23. Rxd6 a4 24. Na5 Qxa2 25. Nxb7 Qa1+ 26. Kd2 Qxb2 27. Rd8+ Rxd8+ 28. Nxd8 Kxd8 29. Ke1+ Ke8 30. Qc5 Qb7 31. Qd6 Qc8 32. c4 f5 33. Qf6 Rg8 34. exf5 a3 35. Qxe5+ Kf8 36. f6 Qe8 37. Qxe8+ Kxe8 38. Ra1 Rg6 39. Rxa3 Rxf6 40. Kf2 Rf4 41. Rc3 Kd7 42. Kg3 Rf6 43. Kxh3 Kc6 44. Kg3 Kc5 45. h4 Kd4 46. Rc1 Ke3 47. Rf1 Kd4 48. g5 Rf5 49. Kg4 Re5 50. f4 Re2 51. h5 Kc5 52. h6 Rh2 53. Kf5 Kxc4 54. Kf6 Kd5 55. Kxf7 Ke4 56. Kg7 Kf5 57. h7 1-0

[Event "*** SCC Grand Prix: Titled Tuesday Blitz"]
[Site "Chess.com"]
[Date "2020.10.13"]
[Round "3"]
[White "AleksibFan"]
[Black "Vamostodorecto"]
[Result "1-0"]
[WhiteElo "2570"]
[BlackElo "2370"]
[TimeControl "180+1"]
[EndTime "10:29:51 PDT"]
[Termination "AleksibFan won by resignation"]

1. d4 Nf6 2. Bg5 Ne4 3. Bf4 c5 4. f3 Qa5+ 5. c3 Nf6 6. d5 d6 7.
e4 g6 8. Nd2 Bg7 9. Nc4 Qc7 10.
a4 O-O 11. Qd2 Nbd7 12. Ne2 Ne5 13. Ng3 Nxc4 14. Bxc4 Nd7 15. O-O Ne5 16. Be2 h5 17. Bh6 h4 18. Nh1 h3 19. g3 c4 20. Nf2 Kh7 21. Bxg7 Kxg7 22. f4 Nd7 23. Qd4+ f6 24.
Bxc4 Rh8 25. a5 b6 26. b4 Rb8 27. Be2 bxa5 28. Rxa5 Nb6 29. Rfa1 Rb7 30. c4 Nd7 31.
Rxa7 Qb8 32. Rxb7 Qxb7 33. c5 Qc7 34. c6 Nb6 35. Nd3 e6 36. Nb2 exd5 37. exd5 Re8 38.
Bf3 Bf5 39. Kf2 Nc8 40. Re1 Rxe1 41. Kxe1 Qe7+ 42. Kf2 Qd8 43. g4 Bc2 44. Nc4 Qc7 45.
b5 Bb3 46. b6 Qb8 47. b7 Na7 48. Ne3 Nb5 49. Qb2 Ba4 50. g5 Qa7 51. Qxf6+ Kh7 52.
Qf7+ Kh8 53. Qf8+ Kh7 54. b8=Q 1-0

[Event "*** SCC Grand Prix: Titled Tuesday Blitz"]
[Site "Chess.com"]
[Date "2020.10.13"]
[Round "3"]
[White "Ural_bogatyr"]
[Black "Maksimus1998"]
[Result "0-1"]
[WhiteElo "2411"]
[BlackElo "2620"]
[TimeControl "180+1"]
[EndTime "10:29:52 PDT"]
[Termination "Maksimus1998 won by resignation"]

1. e4 c5 2. Nf3 e6 3. c3 d5 4. exd5 Qxd5 5. d4 Nf6 6. Be2 cxd4 7. cxd4 Bb4+ 8. Nc3 O-O 9. O-O Qa5 10. Bd2 Nc6 11.
a3 Bxc3 12. bxc3 Rd8 13. Qb3 b6 14. Rfd1 Bb7 15. Ne5 Qd5 16. Bc4 Qd6 17. Nxc6 Qxc6 18. f3 Rac8 19. Bb5 Qd6 20. a4 Nd5 21. a5 a6 22. Bd3 b5 23. Rdc1 Nf4 24. Bf1 Bd5 25. Qb2 h6 26. Qb4 g5 27. Qxd6 Rxd6 28. Kf2 Bc4 29.
Bxc4 Rxc4 30. Bxf4 gxf4 31. Ke2 Rdc6 32. Kd2 Kg7 33.
Rab1 Kf6 34. g3 Kf5 35. Rb3 h5 36. Re1 f6 37. Re4 fxg3 38. hxg3 Ra4 39. Rh4 Kg5 40. Re4 Ra2+ 41. Kd3 Rf2 42. Ke3 Rg2 43. f4+ Kf5 44. Kf3 Rc2 45. Re3 Ra2 46. Rb1 Rxa5 47. Rh1 Kg6 48.
g4 hxg4+ 49. Kxg4 Ra3 50. Rg3 Raxc3 51. Rhg1 Rxg3+ 52. Rxg3 b4 53. f5+ exf5+ 54. Kf4+ Kf7 55. Kxf5 a5 56. Rh3 Rb6 57. Rh7+ Kg8 58. Ra7 b3 59. d5 b2 60. Kg6 0-1

[Event "*** SCC Grand Prix: Titled Tuesday Blitz"]
[Site "Chess.com"]
[Date "2020.10.13"]
[Round "3"]
[White "Durarbayli"]
[Black "simplerXiao"]
[Result "1-0"]
[WhiteElo "2791"]
[BlackElo "2448"]
[TimeControl "180+1"]
[EndTime "10:29:54 PDT"]
[Termination "Durarbayli won by checkmate"]

1. e4 c5 2. b3 e6 3. Nf3 Nc6 4.
Bb2 d6 5. d4 cxd4 6. Nxd4 Nf6 7. Nc3 Be7 8. g4 O-O 9. g5 Nd7 10. h4 Nde5 11. Be2 Qb6 12. Nxc6 Nxc6 13. Qd2 Qd4 14.
f4 Qxd2+ 15. Kxd2 f5 16. Raf1 fxe4 17. Nxe4 d5 18. Ng3 Bb4+ 19. Kd1 d4 20. Bc4 Na5 21.
Bd3 Bc3 22. Ba3 Re8 23. Ne4 e5 24. f5 Nc6 25. Bc4+ Kh8 26. Nd6 Rf8 27. Nf7+ Rxf7 28.
Bxf7 e4 29. Rhg1 Ne5 30. Bd5 e3 31. Ke2 Bd7 32. Be4 a5 33. Bd6 Bb5+ 34. Bd3 Nxd3 35. cxd3 Rd8 36. f6 Bb4 37. Bxb4 axb4 38. Rf4 Kg8 39.
Rgg4 Rc8 40. Rxd4 Rc2+ 41. Kxe3 gxf6 42. gxf6+ Kf7 43. Rgf4 Rc1 44. Rxb4 Re1+ 45. Kd2 Re5 46. a4 Bc6 47. Rbd4 Rc5 48. Rc4 Re5 49. Kc3 Re1 50.
Kb4 Rd1 51. Rcd4 Rd2 52. Rd6 Rc2 53. d4 Rb2 54. d5 Be8 55. Re6 h5 56. Re7+ Kf8 57.
Rxb7 Bg6 58. Rb8+ Kf7 59. Rb7+ Kf8 60. f7 Kg7 61. Rb8 Bxf7 62. Rb7 Kg6 63. Rbxf7 Rd2 64.
R4f6# 1-0

[Event "*** SCC Grand Prix: Titled Tuesday Blitz"]
[Site "Chess.com"]
[Date "2020.10.13"]
[Round "3"]
[White "MVM2008"]
[Black "TokChess"]
[Result "1-0"]
[WhiteElo "2180"]
[BlackElo "2388"]
[TimeControl "180+1"]
[EndTime "10:29:54 PDT"]
[Termination "MVM2008 won on time"]

1. e4 c5 2. Nf3 e6 3. d4 cxd4 4. Nxd4 a6 5. Bd3 Bc5 6. Nb3 Be7 7. O-O d6 8. f4 Nd7 9. Nc3 Ngf6 10. Kh1 b5 11. a3 Bb7 12. Qf3 Rc8 13. g4 d5 14.
e5 Rxc3 15. exf6 Rxd3 16. fxe7 Qxe7 17. Qxd3 d4+ 18. Kg1 h5 19. g5 h4 20. h3 O-O 21.
Nxd4 Nc5 22. Qe3 Qd7 23. c3 Qd5 24. Qf3 Qc4 25. Qe2 Qd5 26. Qf3 Qd7 27. Qg4 Rd8 28. Qxh4 Qd5 29. Nf3 Qe4 30. Qg4 Nb3 31. Ra2 Nxc1 32.
Ra1 Ne2+ 33. Kh2 Nxf4 34. Rae1 Qc2+ 35. Kg3 Ng6 36. h4 Qf5 37. Qxf5 exf5 38. h5 f4+ 39. Kg4 Nf8 40. g6 fxg6 41. hxg6 Nxg6 42. Ng5 Bc8+ 43.
Kh5 Nf8 44. Rxf4 Nh7 45. Nxh7 Kxh7 46. Re7 Rd5+ 47. Kh4 Kh6 48. Rff7 Bf5 49. Rxg7 Bg6 50. Rg8 Rf5 51. Rh8+ Bh7 52. Rhxh7+ Kg6 53. Reg7+ Kf6 54.
Rf7+ 1-0

[Event "*** SCC Grand Prix: Titled Tuesday Blitz"]
[Site "Chess.com"]
[Date "2020.10.13"]
[Round "3"]
[White "paulrusan"]
[Black "MF1966Idrisov"]
[Result "1-0"]
[WhiteElo "2216"]
[BlackElo "2340"]
[TimeControl "180+1"]
[EndTime "10:29:54 PDT"]
[Termination "paulrusan won on time"]

1. e4 c6 2. d4 d5 3. f3 g6 4. Nc3 Bg7 5. Be3 Nf6 6. Qd2 O-O 7.
O-O-O Qa5 8. Kb1 Re8 9. e5 Nfd7 10. e6 fxe6 11. f4 Nf6 12. Nf3 b5 13. Bd3 b4 14.
Ne2 Ba6 15. h3 Bxd3 16. Qxd3 Nbd7 17. g4 c5 18. dxc5 Nxc5 19. Bxc5 Qxc5 20. Ned4 Qb6 21. Ng5 Rac8 22. Ngxe6 Ne4 23. Nxg7 Kxg7 24. Rhf1 e6 25. Ka1 a5 26. f5 e5 27. Ne6+ Rxe6 28. fxe6 Qxe6 29.
Qxd5 Qxd5 30. Rxd5 Rxc2 31. Rxe5 Nd2 32. Re7+ Kh6 33.
Rd1 Nc4 34. Rc7 Nxb2 35. Rxc2 Nxd1 36. Rc7 Nf2 37. Rc5 Nxh3 38. Rxa5 Nf2 39. g5+ Kh5 40. Ra7 Kxg5 41. Rxh7 Kf4 42. Rb7 Nd3 43. Kb1 g5 44.
Kc2 Ne1+ 45. Kd2 Nf3+ 46. Ke2 Nd4+ 47. Kf2 Nc2 48. Rc7 Na3 49. Rb7 Nc2 50. Ke2 Ke4 51. Kd2 Nd4 52. Rxb4 g4 53. a4 g3 54. Rb1 g2 55. Kc3 Ne2+ 56. Kc4 1-0

[Event "*** SCC Grand Prix: Titled Tuesday Blitz"]
[Site "Chess.com"]
[Date "2020.10.13"]
[Round "3"]
[White "chenxiaoyuer"]
[Black "bakki78"]
[Result "1/2-1/2"]
[WhiteElo "2527"]
[BlackElo "2755"]
[TimeControl "180+1"]
[EndTime "10:29:56 PDT"]
[Termination "Game drawn by repetition"]

1. e4 c5 2. Nf3 Nc6 3. d4 cxd4 4. Nxd4 Nf6 5. Nc3 d6 6. Be2 e5 7. Nf3 h6 8. O-O Be7 9. h3 O-O 10. Re1 b6 11. Bf1 Bb7 12. b3 Rc8 13. Bb2 Nb8 14. Bc4 a6 15. a4 Nc6 16. Nd5 Na5 17. Nxf6+ Bxf6 18. Bd5 Bxd5 19. exd5 Qc7 20. c4 Nb7 21. Nd2 a5 22. Ne4 Bd8 23. Nc3 f5 24. Nb5 Qd7 25.
Qe2 Nc5 26. Qc2 f4 27. f3 e4 28. fxe4 f3 29. Rf1 Bh4 30. Rxf3 Rxf3 31. gxf3 Rf8 32. Qg2 Nxb3 33. Rf1 Nc5 34. Nd4 Bf6 35. Nf5 Bxb2 36. Qxb2 Nxa4 37. Qg2 Rf6 38. Kh1 Rxf5 39. exf5 Qxf5 40.
Qg4 Qf6 41. Rg1 Nc5 42. Kh2 a4 43. Qc8+ Kh7 44. Qg4 a3 45. Rg2 Qe5+ 46. f4 Qf6 47. f5 Qe5+ 48. Qg3 Qf6 49. Qg6+ Qxg6 50. fxg6+ Kg8 51.
Ra2 Kf8 52. Rxa3 Ke7 53. Ra7+ Kf6 54. Rc7 Kxg6 55. Rc6 Ne4 56. Rxb6 Kf5 57. Kg2 g5 58. Rc6 Ke5 59. Kf3 h5 60. Ke3 g4 61. hxg4 hxg4 62. Ke2 Kd4 63. Kf1 Nd2+ 64. Kg2 Nxc4 65. Kg3 Kxd5 66.
Rc8 Ne5 67. Rc1 Ke6 68. Rd1 d5 69. Kf4 Kd6 70. Kg3 Ke6 71. Kf4 Kd6 72. Kg3 Ke6 1/2-1/2

[Event "*** SCC Grand Prix: Titled Tuesday Blitz"]
[Site "Chess.com"]
[Date "2020.10.13"]
[Round "3"]
[White "TotsukaBlade"]
[Black "Larina_Marija"]
[Result "1/2-1/2"]
[WhiteElo "2419"]
[BlackElo "2260"]
[TimeControl "180+1"]
[EndTime "10:29:57 PDT"]
[Termination "Game drawn by repetition"]

1. e4 c6 2. d4 d5 3. exd5 cxd5 4. Bd3 Nc6 5. c3 g6 6. h3 Bg7 7. Bf4 Nf6 8. Nf3 h6 9. O-O O-O 10. Re1 Be6 11. Nbd2 Rc8 12. Nb3 b6 13. Ne5 Nxe5 14.
Bxe5 Qd7 15. a4 Ne8 16. a5 Nd6 17. axb6 axb6 18. Ra6 Bxe5 19. dxe5 Nc4 20. Bxc4 dxc4 21. Nd4 Rb8 22. Qd2 Kg7 23. Rea1 Rb7 24. Qe3 b5 25. Nxe6+ fxe6 26. Qg3 Qd5 27. Qe3 Rf5 28. f4 Rd7 29. Ra7 Rf8 30. Rxd7 Qxd7 31. Ra7 Qd1+ 32. Kh2 Rf7 33. Rb7 Qf1 34. Rxb5 Rxf4 35. Rb7 Rf7 36. Qe4 h5 37. Rc7 Qd3 38. Qxd3 cxd3 39. Rd7 Rf2 40. Rxd3 Rxb2 41. Rd7 Kf7 42. Kg3 Rc2 43. Rd3 g5 44. Kf3 Kg6 45. g3 Kf5 46. g4+ hxg4+ 47. hxg4+ Kxe5 48. Re3+ Kd6 49. Kg3 e5 50. Kf3 Ke6 51. Rd3 Kf6 52. Ke4 Re2+ 53. Kf3 Rc2 54. Re3 e6 55. Rd3 Rc1 56. Re3 Rc2 57. Rd3 Rc1 58. Re3 Rc2 1/2-1/2

[Event "*** SCC Grand Prix: Titled Tuesday Blitz"]
[Site "Chess.com"]
[Date "2020.10.13"]
[Round "3"]
[White "TomiLen"]
[Black "Alexander_Moskalenko"]
[Result "1/2-1/2"]
[WhiteElo "2590"]
[BlackElo "2813"]
[TimeControl "180+1"]
[EndTime "10:30:01 PDT"]
[Termination "Game drawn by repetition"]

1. d4 d5 2. c4 c6 3. Nf3 Nf6 4. Nc3 dxc4 5. a4 Bf5 6. e3 e6 7. Bxc4 Bb4 8. O-O O-O 9. Qe2 Nbd7 10. e4 Bg6 11. Bd3 Bh5 12. e5 Nd5 13. Nxd5 cxd5 14.
Qe3 Bg6 15. Bxg6 fxg6 16. Ng5 Re8 17. a5 Rc8 18. Ra4 Bxa5 19. Qf3 Re7 20. Nxe6 Rxe6 21. Qxd5 Nc5 22. Qxd8+ Bxd8 23. dxc5 Rxe5 24. Be3 a6 25. Rd1 Bf6 26. Rb4 Re7 27. g3 Rc6 28. Rd8+ Kf7 29. Rb8 Rcc7 30. Rb6 g5 31. b4 h6 32. b5 axb5 33.
Rxb5 Rcd7 34. Kg2 Ke6 35. Rc8 Rc7 36. Rb6+ Kd5 37. Rd6+ Kc4 38. Rb8 Red7 39. Re6 Bd4 40. Bxd4 Kxd4 41. c6 bxc6 42. Rb1 c5 43. Rd1+ Kc4 44.
Rc1+ Kb4 45. Rb6+ Ka5 46. Rb8 Rb7 47. Rxc5+ Kb6 48. Rxb7+ Rxb7 49. Rc2 Rc7 50. Rxc7 Kxc7 51. Kf3 Kd6 52. Kg4 g6 53. f4 gxf4 54. Kxf4 Kd5 55. h4 Kd4 56. g4 Kd5 57. h5 gxh5 58. gxh5 Ke6 59. Ke4 Kf6 60. Kf4 Ke6 61. Ke4 Kf6 62. Kf4 Ke6 1/2-1/2

[Event "*** SCC Grand Prix: Titled Tuesday Blitz"]
[Site "Chess.com"]
[Date "2020.10.13"]
[Round "3"]
[White "Mazetovic"]
[Black "Guenplen"]
[Result "0-1"]
[WhiteElo "2642"]
[BlackElo "2856"]
[TimeControl "180+1"]
[EndTime "10:30:03 PDT"]
[Termination "Guenplen won by resignation"]

1. e4 c5 2. Nf3 e6 3. c4 Nc6 4.
Nc3 Nge7 5. d4 Nxd4 6. Nxd4 cxd4 7. Qxd4 Nc6 8. Qe3 b6 9. b3 Bc5 10. Qg3 Qf6 11. Bb2 Bd4 12. Be2 h5 13. O-O h4 14.
Qh3 d6 15. Rad1 e5 16. Bg4 Bxg4 17. Qxg4 Qe6 18. Qe2 O-O 19. Nd5 Bxb2 20. Qxb2 Rac8 21. h3 f5 22. Rfe1 Kh8 23. exf5 Rxf5 24. Ne3 Rf4 25. Ng4 Qg6 26. f3 Nd4 27. Qf2 Qg5 28. Kh1 b5 29. Rc1 Kh7 30. c5 Nf5 31. c6 Rd4 32. Ne3 Ng3+ 33. Kg1 Qf4 34. c7 g6 35. Rc6 Rd3 36. Ng4 Rd2 37. Qe3 Qxe3+ 38. Nxe3 Rxa2 39.
Nd5 Ne2+ 40. Kh2 Nd4 41. Rxd6 Nxf3+ 42. Kh1 Nxe1 43. Rd8 Rxc7 44. Nxc7 Nxg2 45. Ne6 Nf4 46. Ng5+ Kg7 47. Rd7+ Kf6 48. Ne4+ Ke6 49. Rb7 Ra1+ 50. Kh2 Ra2+ 51. Kg1 a6 52. Rb6+ Ke7 53. Kf1 Nxh3 54.
Nf6 Nf4 55. Ng4 h3 56. Rb7+ Kd6 57. Rh7 Kc5 58. Nxe5 Kd4 59. Nf3+ Ke3 60. Nh2 Rxh2 0-1

[Event "*** SCC Grand Prix: Titled Tuesday Blitz"]
[Site "Chess.com"]
[Date "2020.10.13"]
[Round "3"]
[White "rpragchess"]
[Black "olksuna"]
[Result "1/2-1/2"]
[WhiteElo "2897"]
[BlackElo "2624"]
[TimeControl "180+1"]
[EndTime "10:30:04 PDT"]
[Termination "Game drawn by repetition"]

1. e4 Nf6 2. e5 Nd5 3. d4 d6 4.
Nf3 Bg4 5. Be2 e6 6. O-O Be7 7. c4 Nb6 8. Nc3 O-O 9. h3 Bh5 10. Be3 d5 11. c5 Nc4 12. Bc1 b6 13. b3 Na5 14. cxb6 axb6 15. Be3 c5 16. Nb5 Nac6 17.
g4 Bg6 18. Bf4 Nd7 19. Bg3 Be4 20. Qd2 Bxf3 21. Bxf3 cxd4 22. Qe2 d3 23. Qe3 Bc5 24. Qe1 Qb8 25. Bg2 Nd4 26. Nxd4 Bxd4 27. Rd1 Bxe5 28.
f4 Bd6 29. Rxd3 Rxa2 30. f5 Bxg3 31. Rxg3 Qe5 32. Re3 Qd4 33. fxe6 fxe6 34. Rxf8+ Nxf8 35. Kh2 Qf4+ 36. Kg1 h6 37. Rf3 Qd4+ 38. Kh2 Qc5 39. h4 Qd6+ 40. Kh3 e5 41. Rf5 Ne6 42. Qg3 Nf4+ 43. Rxf4 exf4 44. Qd3 Qe5 45. Bxd5+ Kh8 46. Bf3 Qe3 47. Qd8+ Kh7 48. Qd5 Rf2 49. Qf5+ Kg8 50. Qc8+ Kf7 51. Qd7+ Kf6 52. Qd6+ Kf7 53. Qd7+ Kg8 54.
Qc8+ Kf7 55. Qd7+ 1/2-1/2

[Event "*** SCC Grand Prix: Titled Tuesday Blitz"]
[Site "Chess.com"]
[Date "2020.10.13"]
[Round "3"]
[White "ferdipy"]
[Black "manitodeplomo"]
[Result "0-1"]
[WhiteElo "2323"]
[BlackElo "2626"]
[TimeControl "180+1"]
[EndTime "10:30:04 PDT"]
[Termination "manitodeplomo won on time"]

1. e4 g6 2. d4 Bg7 3. Nc3 c5 4. Be3 Qa5 5. Nf3 Nf6 6. Bd3 Nc6 7. dxc5 O-O 8. h3 b6 9. cxb6 axb6 10. O-O Rd8 11.
Qd2 d5 12. exd5 Nxd5 13. Nxd5 Rxd5 14. Qxa5 bxa5 15. Be4 Rd6 16. Bc5 Re6 17. Bd5 Bxb2 18. Rab1 Bc3 19. Bxe6 Bxe6 20. a4 Rc8 21. Rfd1 Bf5 22.
Rdc1 f6 23. Rb6 Kf7 24. Ne1 Nd4 25. Ba3 Ne2+ 26. Kf1 Nxc1 27. Bxc1 Bxe1 28. Kxe1 Bxc2 29.
Ba3 Rc7 30. Ra6 Bxa4 31. Rxa5 Bb3 32. Rb5 Be6 33. Rc5 Rb7 34. h4 h6 35. g3 g5 36. Rc3 Ra7 37. hxg5 hxg5 38. Kd2 Rd7+ 39. Ke3 Ra7 40. f4 gxf4+ 41. gxf4 Bd5 42. Bc5 Ra4 43. Bd4 e6 44. Rc7+ Kg6 45. Rc3 Kf5 46. Rd3 Ra2 47. Rc3 Rh2 48. Rc5 Rh3+ 49. Kf2 Kxf4 50.
Bxf6 Rh2+ 51. Kf1 Ra2 52. Rc1 Be4 53. Re1 e5 54. Bh4 Bd3+ 55. Kg1 e4 56. Bf2 Ra6 57. Be3+ Kf3 58. Bh6 Rg6+ 59. Kh2 Rxh6+ 60. Kg1 Rg6+ 0-1

[Event "*** SCC Grand Prix: Titled Tuesday Blitz"]
[Site "Chess.com"]
[Date "2020.10.13"]
[Round "3"]
[White "grzechu96"]
[Black "alexgo05"]
[Result "1-0"]
[WhiteElo "2698"]
[BlackElo "2447"]
[TimeControl "180+1"]
[EndTime "10:30:05 PDT"]
[Termination "grzechu96 won on time"]

1. e4 e5 2. Nf3 Nc6 3. Bc4 Bc5 4. O-O Nf6 5. d3 d6 6. c3 a5 7. Re1 O-O 8. h3 h6 9. Nbd2 Be6 10. Bb5 Qb8 11.
Nf1 Qa7 12. Be3 Bxe3 13. Nxe3 Ne7 14. Ba4 Ng6 15. Bc2 Rfe8 16. d4 c6 17. Qd2 Rad8 18. Rad1 Qb6 19. Bb1 Bc8 20. a3 exd4 21.
cxd4 Nxe4 22. Bxe4 Rxe4 23. Nc4 Rxe1+ 24. Rxe1 Qb5 25. Qxa5 Qxa5 26. Nxa5 Kf8 27. Nd2 Re8 28. Rxe8+ Kxe8 29. Ndc4 Kd7 30. Nb6+ Kc7 31. Nxc8 Kxc8 32. g3 Kc7 33. Kf1 d5 34. Ke2 Kb6 35. Nb3 Kc7 36.
Kd3 b6 37. Nd2 Kd6 38. Nf3 f6 39. a4 c5 40. Nd2 Ne7 41. b3 Nc6 42. dxc5+ bxc5 43.
Nf3 Nb4+ 44. Kc3 Kc6 45. Nh4 d4+ 46. Kd2 Kd5 47. Nf5 Nc6 48. Nxg7 Na5 49. Kc2 Ke4 50. Ne6 d3+ 51. Kc3 Kd5 52. Nf4+ Ke4 53.
Nxd3 Nxb3 54. f3+ Ke3 55. Nf4 Nd4 56. Nd5+ Kxf3 57. Nxf6 Kxg3 58. a5 Nc6 59. a6 Kxh3 60. Kc4 1-0

[Event "*** SCC Grand Prix: Titled Tuesday Blitz"]
[Site "Chess.com"]
[Date "2020.10.13"]
[Round "3"]
[White "Matols"]
[Black "anasta10"]
[Result "1/2-1/2"]
[WhiteElo "2255"]
[BlackElo "2413"]
[TimeControl "180+1"]
[EndTime "10:30:05 PDT"]
[Termination "Game drawn by repetition"]

1. d4 Nf6 2. c4 g6 3. g3 d5 4.
cxd5 Nxd5 5. Nf3 Bg7 6. Bg2 O-O 7. O-O Nc6 8. Nc3 Nxc3 9. bxc3 e5 10. d5 Na5 11. e4 b6 12. Re1 Re8 13. Qe2 c6 14. Nd2 Bb7 15. c4 Rc8 16. Bb2 Ba6 17. Rac1 Qd7 18.
Bf1 f5 19. exf5 gxf5 20. dxc6 Rxc6 21. Red1 Qc8 22. Bg2 Rc7 23. Bd5+ Kh8 24. Re1 Qd8 25. Qh5 Bc8 26. Nf3 e4 27. Bxg7+ Rxg7 28. Nh4 Rf8 29. f3 Bb7 30. fxe4 fxe4 31. Rxe4 Bxd5 32. cxd5 Nb7 33. Rce1 Nd6 34. Re6 Kg8 35. Qe5 Nf7 36. Qe4 Ng5 37. Qe5 Nxe6 38. dxe6 Qe7 39. Nf5 Qc5+ 40. Qxc5 bxc5 41.
Nxg7 Kxg7 42. Kg2 Re8 43. Re5 c4 44. Rc5 Rxe6 45. Rxc4 Re2+ 46. Kh3 Rxa2 47. Rc8 a5 48. Ra8 a4 49. Kg4 a3 50. h4 Ra1 51. Ra6 a2 52.
Kg5 h6+ 53. Kh5 Rg1 54. Rxa2 Rxg3 55. Ra7+ Kg8 56. Kxh6 Rb3 57. h5 Rb6+ 58. Kg5 Rb5+ 59. Kg6 Rb6+ 60. Kg5 Rb5+ 61. Kg6 Rb6+ 62. Kg5 1/2-1/2

[Event "*** SCC Grand Prix: Titled Tuesday Blitz"]
[Site "Chess.com"]
[Date "2020.10.13"]
[Round "3"]
[White "Kotofeyca"]
[Black "DonBroca"]
[Result "1-0"]
[WhiteElo "2356"]
[BlackElo "2201"]
[TimeControl "180+1"]
[EndTime "10:30:05 PDT"]
[Termination "Kotofeyca won by resignation"]

1. d4 Nf6 2. c4 g6 3. f3 Bg7 4. e4 d6 5. Nc3 O-O 6. Be3 c5 7. dxc5 dxc5 8. Qxd8 Rxd8 9. Bxc5 Nc6 10. Nd5 Nd7 11.
Nxe7+ Nxe7 12. Bxe7 Bxb2 13. Bxd8 Bc3+ 14. Kd1 Bxa1 15. Ne2 Ne5 16. Nf4 Bd7 17. Bc7 Rc8 18.
Nd5 Kg7 19. Be2 Be6 20. Kc2 Bd4 21. Rd1 Nc6 22. Bd6 Bf6 23. Nxf6 Kxf6 24. Kc3 Na5 25. c5 b6 26. Ba6 Rc6 27. e5+ Kg7 28. Bb5 Rc8 29. a4 bxc5 30. f4 h6 31. Be7 Nb3 32. Rd6 Nd4 33. Bf6+ Kg8 34. Bd7 Bxd7 35. Rxd7 Ne6 36.
Rxa7 Nxf4 37. Kc4 Ne6 38. a5 Nd4 39. a6 Nc6 40. Rb7 Na5+ 41. Kb5 Nxb7 42. axb7 Rb8 43. Kc6 Rxb7 44. Kxb7 c4 45. e6 fxe6 46. Kc6 Kf7 47.
Be5 g5 48. g4 Kg6 49. Kc5 Kf7 50.
Kxc4 Ke7 51. Kc5 Kd7 52. Kd4 Kc6 53. Bg7 Kd6 54. Bxh6 e5+ 55. Ke4 Ke6 56. Bxg5 Kf7 57. h4 Kg6 58. Kxe5 Kg7 59. Kf5 Kf7 60. Bd2 Kg7 61.
Bc3+ Kh7 62. h5 Kg8 63. g5 Kf8 64. g6 Kg8 65. h6 Kf8 66. h7 Ke7 67. h8=Q Kd6 68.
Qf6+ 1-0

[Event "*** SCC Grand Prix: Titled Tuesday Blitz"]
[Site "Chess.com"]
[Date "2020.10.13"]
[Round "3"]
[White "gixfantastix"]
[Black "Ajedrez_con_German"]
[Result "0-1"]
[WhiteElo "2086"]
[BlackElo "2493"]
[TimeControl "180+1"]
[EndTime "10:30:06 PDT"]
[Termination "Ajedrez_con_German won on time"]

1. e4 e6 2. Nc3 d5 3. Qe2 dxe4 4. Nxe4 Nd7 5. d3 Ngf6 6. Bd2 Be7 7. O-O-O c5 8. g4 O-O 9. Bg2 Nxe4 10. Bxe4 Nf6 11.
Bg2 Bd7 12. f4 Bc6 13. Bxc6 bxc6 14. Nf3 Rb8 15. Ne5 Qc7 16. Rde1 Nd5 17. f5 exf5 18.
gxf5 Bf6 19. Nc4 Nb6 20. Ba5 Qf4+ 21. Bd2 Qc7 22. Ba5 Qd7 23. Bxb6 axb6 24. Rhg1 b5 25. Nd2 Qxf5 26. Ne4 Qe5 27. Nxf6+ Qxf6 28. Ref1 Qh6+ 29. Kb1 c4 30. dxc4 bxc4 31. Qxc4 Qxh2 32. Qc3 g6 33. Rg3 Qe2 34. Rh1 Rbd8 35. b3 Rd1+ 36.
Rxd1 Qxd1+ 37. Kb2 Qd5 38. Rd3 Qe6 39. a4 h5 40. a5 h4 41. a6 c5 42. a7 Qb6 43.
Qc4 Qxa7 44. Qxh4 Ra8 45. Kc3 Qa1+ 46. Kd2 Qe5 47. Qg4 Re8 48. Qg1 Qf4+ 49. Kc3 Qe5+ 50. Kd2 Kg7 51. Qf1 Qe6 52. Qf2 Qe5 53. Qg1 Re6 54. Qf2 Rf6 55. Kc1 Rxf2 0-1

[Event "*** SCC Grand Prix: Titled Tuesday Blitz"]
[Site "Chess.com"]
[Date "2020.10.13"]
[Round "3"]
[White "Al_Shima"]
[Black "Beltraxtor"]
[Result "0-1"]
[WhiteElo "2343"]
[BlackElo "2555"]
[TimeControl "180+1"]
[EndTime "10:30:09 PDT"]
[Termination "Beltraxtor won by checkmate"]

1. b3 d5 2. Bb2 Bf5 3. d3 e6 4. Nd2 Nf6 5. e3 c5 6. Be2 h6 7. Ngf3 Nc6 8. O-O Bh7 9. Re1 Be7 10. Bf1 O-O 11. e4 Rc8 12. e5 Nd7 13. g3 a6 14.
Bg2 b5 15. h4 Nb6 16. Qe2 Nb4 17. Nf1 c4 18. Red1 cxd3 19. cxd3 Rc2 20. Rd2 Bxd3 21.
Qd1 Qc7 22. Bd4 Bh7 23. a3 Rxd2 24. Qxd2 Nc2 25. Ra2 Rc8 26. Bb2 Nd7 27. N1h2 Nc5 28. b4 Ne4 29. Qe2 Qc4 30. Qxc4 dxc4 31. Nf1 a5 32.
Bc1 Nxb4 33. axb4 axb4 34. Ne3 b3 35. Ra1 c3 36. Nd1 b4 37. Ne1 Bc5 38. Bxe4 Bxe4 39.
Kf1 b2 40. Bxb2 cxb2 41. Nxb2 Bd4 42. Ra2 Rc1 43. Ke2 Bc3 44. Ned3 Rc2+ 45. Ke3 Bxd3 46. Kxd3 Rxb2 47. f4 Rxa2 48. g4 Rg2 49. g5 hxg5 50. hxg5 Kh7 51. Kc4 Kg6 52. Kb3 Rg4 53. f5+ Kxf5 54.
Kc2 g6 55. Kb3 Kxe5 56. Kc2 Kf5 57. Kb3 Kxg5 58. Kc2 Kf5 59. Kb3 Re4 60. Kc2 g5 61. Kb3 g4 62. Kc2 g3 63. Kb3 g2 64. Kc2 g1=Q 65.
Kb3 Qb1+ 66. Ka4 Qa2+ 67. Kb5 b3 68. Kc6 b2 69. Kd7 b1=Q 70. Ke8 Qb7 71. Kf8 Qaa8# 0-1